AoeStats
← 784f22fd

Arena

514025924Analyzed
4v4 RM · 1d ago on Oct 16, 2026· 63m 7s· 8 players
Game mode
Random Map
Map size
Large (8 player)
Population
200
Speed
Normal
Resources
Standard
Victory
Conquest
Starting age
Dark Age
Ending age
Imperial Age
RankedLock teamsTeams togetherTeam positionsShared explorationLock speedFull tech treeHidden civsTurbo modeCheats
Victory
Defeat
🇫🇷 Turks · France
999
+15
🇮🇩 Japanese · Indonesia
986
+16
🇨🇳 Khmer · China
967
+17
🇨🇳 Teutons · China
930
+17
vs
🇦🇷 Muisca · Argentina
1003
-17
🇩🇪 Goths · Germany
995
-17
🇫🇷 Sicilians · France
971
-16
🇦🇷 Slavs · Argentina
952
-44
784f22fd
11:58 Feudal Age
14:59 Castle Age
12:47 Double-Bit Axe
12:45 Horse Collar
16:24 Heavy Plow
16:36 Bow Saw
22:21 Stone Mining
24:47 Husbandry
24:57 Bloodlines
25:20 Gold Mining
26:08 Stone Shaft Mining
28:51 Imperial Age
27:14 Wheelbarrow
26:27 Loom
27:55 Town Watch
28:34 Masonry
28:20 Murder Holes
29:59 Hand Cart
29:46 Town Patrol
29:24 Elite Battle Elephant
30:47 Forging
30:25 Capped Ram
31:43 Crop Rotation
32:25 Iron Casting
32:02 Scale Barding Armor
33:01 Siege Engineers
33:27 Siege Ram
36:18 Blast Furnace
35:39 Chain Barding Armor
37:19 Tusk Swords
37:40 Conscription
39:46 Light Cavalry
41:53 Elite Ballista Elephant
42:34 Double Crossbow
46:39 Hussar
48:02 Ballistics
48:42 Chemistry
51:47 Fervor
53:53 Herbal Medicine
apexeaglex
11:21 Feudal Age
11:42 Horse Collar
11:53 Double-Bit Axe
14:25 Loom
18:00 Castle Age
15:57 Stone Mining
17:39 Fletching
20:55 Bow Saw
20:50 Heavy Plow
23:03 Gold Mining
25:32 Wheelbarrow
26:44 Ballistics
30:31 Imperial Age
29:30 Bodkin Arrow
30:44 Hand Cart
30:16 Town Watch
31:10 Murder Holes
35:43 Bracer
35:44 Padded Archer Armor
37:41 Two-Man Saw
38:02 Gold Shaft Mining
37:58 Conscription
37:55 Town Patrol
39:12 Caravan
39:47 Elite Janissary
43:22 Leather Archer Armor
43:22 Masonry
43:33 Bombard Tower
43:04 Guard Tower
43:25 Fortified Wall
43:03 Arrowslits
45:00 Ring Archer Armor
44:25 Guard Tower
45:07 Architecture
44:17 Treadmill Crane
62:25 Artillery
DekaJe
0:32 Loom
10:35 Feudal Age
15:39 Castle Age
14:54 Fletching
15:39 Double-Bit Axe
16:48 Horse Collar
19:13 Scale Mail Armor
21:30 Forging
23:54 Chain Mail Armor
25:34 Bodkin Arrow
26:23 Iron Casting
26:54 Yasama
37:41 Guard Tower
39:55 Murder Holes
49:30 Heavy Plow
49:41 Bow Saw
51:17 Wheelbarrow
54:24 Fortified Wall
54:25 Masonry
53:57 Treadmill Crane
57:36 Imperial Age
54:55 Town Watch
56:29 Squires
55:51 Pikeman
56:19 Arson
59:06 Plate Mail Armor
58:37 Bracer
58:40 Padded Archer Armor
58:46 Scale Barding Armor
58:06 Man-at-Arms
58:32 Gambesons
59:35 Keep
58:47 Arrowslits
59:56 Hand Cart
59:41 Town Patrol
59:28 Long Swordsman
60:45 Two-Handed Swordsman
63:23 Kataparuto
63:42 Hoardings
63:20 Siege Engineers
LIN BO2372
0:38 Loom
13:54 Feudal Age
16:30 Horse Collar
16:38 Double-Bit Axe
19:35 Castle Age
17:46 Gold Mining
20:01 Stone Mining
20:34 Bow Saw
20:28 Heavy Plow
29:24 Imperial Age
28:01 Wheelbarrow
29:42 Bloodlines
30:36 Crop Rotation
31:23 Chemistry
30:18 Cavalier
32:06 Arrowslits
33:28 Two-Man Saw
33:28 Hand Cart
35:49 Paladin
36:29 Pikeman
37:10 Squires
36:55 Arson
37:57 Conscription
37:40 Arrowslits
38:53 Forging
43:29 Elite Teutonic Knight
45:21 Iron Casting
44:47 Scale Mail Armor
44:52 Scale Barding Armor
45:10 Ballistics
46:54 Town Watch
50:38 Blast Furnace
49:54 Chain Mail Armor
49:59 Chain Barding Armor
49:52 Town Patrol
52:48 Hoardings
56:04 Plate Barding Armor
56:00 Plate Mail Armor
55:14 Halberdier
59:40 Ironclad
58:53 Sappers
59:27 Padded Archer Armor
59:17 Fletching
60:20 Masonry
60:16 Siege Engineers
60:21 Fortified Wall
60:02 Guard Tower
60:33 Bombard Tower
60:36 Leather Archer Armor
60:27 Caravan
60:58 Coinage
60:39 Guilds
SalBaKiz
0:34 Loom
12:58 Feudal Age
14:09 Horse Collar
16:41 Castle Age
15:30 Double-Bit Axe
18:50 Wheelbarrow
19:15 Bow Saw
20:51 Heavy Plow
22:33 Caravan
22:20 Pikeman
23:01 Squires
25:26 Hand Cart
25:41 Gold Mining
25:42 Stone Mining
29:22 Stone Shaft Mining
32:05 Imperial Age
29:41 Scale Mail Armor
29:51 Forging
29:32 Fletching
30:31 Anarchy
32:47 Chain Mail Armor
33:07 Iron Casting
33:16 Conscription
32:57 Perfusion
33:27 Halberdier
38:21 Blast Furnace
37:17 Bodkin Arrow
38:25 Man-at-Arms
40:27 Elite Huskarl
43:36 Long Swordsman
RagnarMc
5:35 Loom
10:57 Feudal Age
11:34 Double-Bit Axe
18:42 Castle Age
23:45 Caravan
25:49 Wheelbarrow
26:14 Horse Collar
27:56 Forging
27:47 Scale Mail Armor
27:38 Fletching
27:14 Man-at-Arms
27:55 Squires
28:01 Squires
28:05 Heavy Plow
27:59 Stone Mining
28:00 Gold Mining
28:24 Bow Saw
28:33 Hand Cart
29:49 Gold Shaft Mining
33:38 Imperial Age
31:39 Long Swordsman
34:39 Iron Casting
34:20 Chain Mail Armor
33:46 Two-Handed Swordsman
35:22 Champion
37:52 Pikeman
39:32 Conscription
Akus_GOD
11:35 Feudal Age
15:33 Castle Age
14:22 Fletching
14:41 Loom
17:25 Bodkin Arrow
20:10 Double-Bit Axe
21:42 Bow Saw
21:14 Horse Collar
22:58 Padded Archer Armor
24:05 Gold Mining
24:36 Heavy Plow
30:49 Imperial Age
30:37 Forging
31:16 Scale Mail Armor
31:52 Conscription
30:54 Elite Temple Guard
32:15 Gold Shaft Mining
38:25 Iron Casting
40:21 Chain Mail Armor
42:11 Stone Mining
42:55 Crop Rotation
43:25 Plate Mail Armor
44:55 Wheelbarrow
47:38 Squires
49:43 Hand Cart
49:14 Town Watch
50:29 Onager
53:03 Chemistry
52:11 Siege Engineers
52:46 Siege Onager
56:10 Hoardings
56:40 Ballistics
59:53 Two-Man Saw
59:30 Champi Runner
Leone_Price
7:27 Loom
9:34 Feudal Age
10:29 Horse Collar
10:40 Double-Bit Axe
22:18 Castle Age
20:46 Gold Mining
21:13 Forging
21:03 Fletching
23:43 Bow Saw
24:07 Heavy Plow
25:27 Scale Mail Armor
26:04 Squires
28:25 Caravan
29:06 Arson
30:46 Town Watch
32:19 Iron Casting
31:59 Chain Mail Armor
32:07 Chain Mail Armor
36:15 Imperial Age
34:28 Wheelbarrow
34:05 Bodkin Arrow
33:43 Pikeman
35:52 Gold Shaft Mining
35:07 Stone Mining
36:17 Halberdier
37:33 Elite Serjeant
38:35 Conscription
39:39 Blast Furnace
39:09 Plate Mail Armor
38:51 Man-at-Arms
39:16 Gambesons
39:35 Bracer
39:54 Hand Cart
40:01 Hand Cart
40:06 Stone Mining
Connection lost

Rejoining the realm…

Still unreachable

The connection could not be restored.

Session expired

The server has moved on; the page needs a fresh start.